 Dungeon Crawl Stone Soup version 0.31.0-1-g2c135a008e (webtiles) character file.

Game seed: 4369083605830997359

25972 Colgate the Gouger (level 12, -10/66 HPs)
             Began as a Felid Reaver on Jan 20, 2024.
             Was an Initiate of Okawaru.
             Mangled by an eight-headed hydra (15 damage)
             ... on level 3 of the Lair of Beasts.
             The game lasted 01:23:20 (14357 turns).

Colgate the Gouger (Felid Reaver)                  Turns: 14357, Time: 01:23:20

Health: -10/66     AC:  7    Str: 12    XL:     12   Next: 94%
Magic:  15/16      EV: 24    Int: 17    God:    Okawaru [......]
Gold:   487        SH:  0    Dex: 16    Spells: 14/15 levels left
                                        Lives:  0   Deaths: 4

rFire   . .          .
                       - Unarmed
rCold   + . .        (shield unavailable)
rNeg    . . .        (body armour unavailable)
rPois   .            (helmet unavailable)
rElec   .            (cloak unavailable)
rCorr   .            (gloves unavailable)
SInv    +            (boots unavailable)
Will    +....        h - amulet of regeneration
Stlth   ++++++       (ring unavailable)
HPRegen 1.11/turn    E - +4 ring of protection
MPRegen 0.15/turn

%: no passive effects
@: blade hand, heroic, horrified
A: very small, (claws 1), fangs 3, see invisible, shaggy fur 3, inability to
read after injury 2, missing a hand, hated by all, cowardly, (stealthy paws), no
weapons or thrown items, no armour, multi-lived
a: Begin Untransformation, Renounce Religion


You were on level 3 of the Lair of Beasts.
You worshipped Okawaru.
Okawaru was noncommittal.
You had blades for front paw.
You visited 3 branches of the dungeon, and saw 14 of its levels.

You collected 932 gold pieces.
You spent 445 gold pieces at shops.

Inventory:

Jewellery
 h - an amulet of regeneration (around neck)
 k - a ring of ice
 A - an amulet of reflection
 E - a +4 ring of protection (right blade hand)
 G - a +5 ring of evasion
 J - a ring of resist corrosion
 K - an amulet of magic regeneration
 O - a ring of positive energy
 Q - a +4 ring of protection
 R - a ring of magical power
Talismans
 d - a blade talisman (active)
 w - a flux talisman
 y - a beast talisman
Wands
 C - a wand of acid (14) {@v1}
 D - a wand of iceblast (9) {@v2}
 H - a wand of flame (13)
 M - a wand of polymorph (4)
Scrolls
 a - a scroll of silence {unknown}
 f - 5 scrolls of poison
 l - a scroll of acquirement {unknown}
 n - 2 scrolls of immolation
 p - a scroll of amnesia {unknown}
 t - a scroll of fog
 v - 2 scrolls of torment
 x - 6 scrolls of teleportation {@r3}
 B - 4 scrolls of vulnerability
 F - 3 scrolls of blinking {@r4}
 I - 2 scrolls of noise {unknown}
 N - 2 scrolls of fear {unknown}
 P - a scroll of identify {@r1}
 S - 3 scrolls of enchant armour {unknown}
Potions
 b - 2 potions of berserk rage
 c - 8 potions of curing {@q1}
 e - 5 potions of attraction
 g - 3 potions of enlightenment
 i - 2 potions of magic {unknown}
 j - 2 potions of invisibility
 m - 4 potions of lignification {unknown}
 o - 4 potions of might {unknown}
 q - a potion of mutation {unknown}
 r - a potion of cancellation {unknown}
 s - a potion of resistance {unknown}
 u - 4 potions of haste {@q4}
 z - 2 potions of heal wounds {@q2}
 L - a potion of degeneration
 T - a potion of brilliance {unknown}


   Skills:
 - Level 9.0(14.0) Fighting
 - Level 6.7(11.7) Dodging
 - Level 11.0(16.0) Stealth
 + Level 13.9(18.9) Unarmed Combat
 - Level 2.0 Spellcasting
 - Level 2.6 Conjurations
 - Level 2.2 Evocations
 - Level 10.1 Shapeshifting


You had 14 spell levels left.
You knew the following spells:

 Your Spells              Type           Power      Damage    Failure   Level
a - Kiss of Death         Conj/Necr      16%        2d6       11%         1

Your spell library contained the following spells:

 Spells                   Type           Power      Damage    Failure   Level
 Momentum Strike          Conj/Tloc      8%         3d8       17%         2
 Apportation              Tloc           2%         N/A       19%         1
 Jinxbite                 Hex            2%         N/A       28%         2
 Hailstorm                Conj/Ice       4%         3d5       32%         3
 Gell's Gravitas          Tloc           1%         N/A       50%         3
 Teleport Other           Tloc           1%         N/A       50%         3
 Alistair's Intoxication  Alch           0%         N/A       99%         5
 Dispersal                Tloc           0%         N/A       100%        6


Dungeon Overview and Level Annotations

Branches:
Dungeon (10/15)            Temple (1/1) D:4            Lair (3/5) D:10
 Shoals (0/4) Lair:2
  Snake: Lair:2-3    Spider: Lair:2-3       Orc: D:9-12

Altars:
Ashenzari
Cheibriados
Dithmenos
Elyvilon
Gozag
Kikubaaqudgha
Makhleb
Nemelex Xobeh
Okawaru
Qazlal
Ru
Sif Muna
Trog
Uskayaw
Vehumet
Wu Jian
Xom
Zin

Shops:
D:1 (=!=   D:5 (:[?   D:7 *

Annotations:
D:4 1 runed translucent door, Ananasrisotto's ghost, amateur DsDe
D:7 1 runed translucent door
D:9 paljon juttuja
Lair:2 jakkeja


Innate Abilities, Weirdness & Mutations

You have blades for front paw.
((You have sharp claws.))
You have razor-sharp teeth.
You have supernaturally acute eyesight. (SInv)
Your thick and shaggy fur keeps you warm. (AC +3, rC+)
You sometimes lose the ability to read scrolls when taking damage.
You are missing a hand.
You are hated by all.
Your cowardice makes you less effective in combat with threatening foes.
((Your paws help you pounce on unaware monsters.))
You are incapable of wielding weapons or throwing items.
You cannot wear armour.
You gain extra lives every three experience levels.


Message History

Okay, then.
No target in view!
m - 4 amethyst potions (gained 2)
There is a stone staircase leading up here.
Found 3 darts of dispersal.
No target in view!
An eight-headed hydra comes into view.
You feel a twist of horror at the sight of this foe.
No target in view!
You feel a twist of horror at the sight of this foe.
An eight-headed hydra is nearby!
You gain the combat prowess of a mighty hero.
You can no longer gain great but temporary skills.
You feel a twist of horror at the sight of this foe.
The eight-headed hydra roars!
You slice the eight-headed hydra!! You hit the eight-headed hydra.
The eight-headed hydra misses you. The eight-headed hydra bites you!
The eight-headed hydra completely misses you.
The eight-headed hydra bites you. The eight-headed hydra bites you!
The eight-headed hydra bites you. The eight-headed hydra bites you!
The eight-headed hydra completely misses you.
You are too injured to fight recklessly!
You barely miss the eight-headed hydra. The eight-headed hydra bites you.
The eight-headed hydra closely misses you.
The eight-headed hydra bites you!
The eight-headed hydra completely misses you.
The eight-headed hydra misses you.
The eight-headed hydra barely misses you.
The eight-headed hydra bites you.
* * * LOW HITPOINT WARNING * * *
The eight-headed hydra bites you!
* * * LOW HITPOINT WARNING * * *
Okay, then.
You slash the eight-headed hydra! You hit the eight-headed hydra.
You bite the eight-headed hydra.
The eight-headed hydra bites you but does no damage.
The eight-headed hydra barely misses you.
The eight-headed hydra bites you!
You die...

... #### ######### ....
##..#####...#...####....
#..#....#...........P...
........................
.........................
.........................
................@........
................D.P.#.$..
.....P...........(#......
...................#.....
......<..................
..##.........#.#.........
.#####.....#####...##.#.#
#.# ####### ###.# ## ###
##


You could see an eight-headed hydra.

Vanquished Creatures
  A catoblepas (Lair:2)
  A centaur warrior (D:9)
  A two-headed ogre (D:10)
  4 death yaks (Lair:2)
  Amaemon (Lair:2)
  A deep elf pyromancer (D:8)
  5 elephants (Lair:2)
  A merfolk siren (Lair:2)
  5 cane toads
  2 black mambas
  A rime drake (Lair:2)
  9 komodo dragons
  4 trolls
  A hornet (D:9)
  A slime creature (D:9)
  3 shadows (D:9)
  2 wraiths
  2 wyverns
  2 basilisks
  51 yaks
  2 steam dragons
  6 water moccasins
  An orc warrior (D:8)
  2 black bears
  An ogre (D:5)
  8 wolves
  A phantom (D:7)
  2 kobold brigands
  4 bullfrogs
  2 scorpions
  10 wights
  7 killer bees (D:9)
  6 howler monkeys
  7 hounds
  A jelly (D:6)
  3 bombardier beetles
  4 orc priests
  5 iguanas
  Ijyb (D:5)
  9 orc wizards
  6 gnolls
  5 adders
  A white imp (D:7)
  2 ufetubi (D:3)
  3 dart slugs
  2 ribbon worms (D:2)
  29 orcs
  12 endoplasms
  3 giant cockroaches
  7 goblins
  6 hobgoblins
  4 jackals (D:2)
  18 kobolds
  5 quokkas
  10 ball pythons
  11 bats
  5 frilled lizards
  14 rats
323 creatures vanquished.

Vanquished Creatures (others)
  An orange demon (Lair:2)
  An unseen horror (D:10)
  A centaur (D:9)
3 creatures vanquished.

Grand Total: 326 creatures vanquished

Notes
Turn   | Place    | Note
-------+----------+-------------------------------------------
     0 | D:1      | Colgate the Felid Reaver began the quest for the Orb.
     0 | D:1      | Reached XP level 1. HP: 11/11 MP: 4/4
    30 | D:1      | Found Xitanna's Jewellery Emporium.
    41 | D:1      | Found Gestaz's Jewellery Emporium.
   131 | D:1      | Reached XP level 2. HP: 15/15 MP: 6/6
   220 | D:1      | Found Farusol's Distillery.
   237 | D:1      | Reached skill level 4 in Unarmed Combat
   252 | D:1      | Reached skill level 1 in Stealth
   450 | D:1      | Reached XP level 3. HP: 18/18 MP: 7/7
   509 | D:1      | Found Tawoll's Antique Weapon Shop.
  1198 | D:2      | Reached XP level 4. HP: 20/23 MP: 8/8
  1198 | D:2      | Gained a life (2 lives remaining)
  1385 | D:2      | Reached skill level 5 in Unarmed Combat
  1964 | D:3      | Reached XP level 5. HP: 26/26 MP: 9/9
  2264 | D:3      | Reached skill level 5 in Stealth
  3249 | D:1      | Bought a potion of curing for 39 gold pieces
  3249 | D:1      | Bought a potion of heal wounds for 65 gold pieces
  3249 | D:1      | Bought a potion of berserk rage for 65 gold pieces
  3364 | D:4      | Gained mutation: You are covered in thick fur. (AC +2)
                  | [Felid growth]
  3364 | D:4      | Reached XP level 6. HP: 30/30 MP: 10/10
  3544 | D:4      | Reached skill level 6 in Unarmed Combat
  3596 | D:4      | Found a staircase to the Ecumenical Temple.
  3608 | Temple   | Entered the Ecumenical Temple
  3627 | Temple   | Became a worshipper of Ru the Awakened
  3668 | D:4      | Found a runed translucent door.
  3671 | D:4      | Noticed Ananasrisotto's ghost (amateur DsDe)
  3683 | D:4      | Found a stormy altar of Qazlal.
  3805 | D:4      | Reached XP level 7. HP: 17/35 MP: 11/11
  3909 | D:4      | Reached skill level 7 in Unarmed Combat
  4228 | D:4      | Found a bloodstained altar of Trog.
  4284 | D:5      | Entered Level 5 of the Dungeon
  4288 | D:5      | Reached skill level 1 in Shapeshifting
  4340 | D:5      | Found Oviuki Boqi's Book Shoppe.
  4454 | D:5      | Found Vazaavua's Magic Scroll Emporium.
  4547 | D:5      | Found an opulent altar of Gozag.
  4626 | D:5      | Slain by an iguana
  4626 | D:5      | Lost a life (1 life remaining)
  4627 | D:5      | Found Pughazok's Antique Armour Boutique.
  4639 | D:5      | Found Iliobag's Antique Weapon Emporium.
  4948 | D:5      | Noticed Ijyb
  5135 | D:5      | Bought a scroll of vulnerability for 60 gold pieces
  5135 | D:5      | Bought a scroll of poison for 60 gold pieces
  5144 | D:5      | Killed Ijyb
  5208 | D:6      | Gained mutation: You are hated by all. [Ru sacrifice]
  5208 | D:6      | Reached * piety under Ru
  5351 | D:6      | Reached XP level 8. HP: 39/39 MP: 12/12
  5351 | D:6      | Gained a life (2 lives remaining)
  5545 | D:6      | Slain by a kobold brigand
  5545 | D:6      | Lost a life (1 life remaining)
  6207 | D:6      | Reached skill level 5 in Shapeshifting
  6501 | D:7      | Found a runed translucent door.
  6501 | D:7      | Noticed a sixfirhy
  6541 | D:7      | Found Unitefit's Elemental Accessories.
  6742 | D:7      | Reached skill level 8 in Unarmed Combat
  6890 | D:7      | Found a sparkling altar of Nemelex Xobeh.
  7113 | D:7      | Found a radiant altar of Vehumet.
  7325 | D:8      | Reached skill level 1 in Evocations
  7571 | D:8      | Reached XP level 9. HP: 43/43 MP: 13/13
  8169 | D:1      | Bought a potion of degeneration for 13 gold pieces
  8169 | D:1      | Bought a potion of invisibility for 104 gold pieces
  8169 | D:1      | Bought a potion of attraction for 39 gold pieces
  8639 | D:8      | Gained mutation: You occasionally lose the ability to read
                  | scrolls when taking damage. [Ru sacrifice]
  8639 | D:8      | Gained mutation: You sometimes lose the ability to read
                  | scrolls when taking damage. [Ru sacrifice]
  8639 | D:8      | Reached ** piety under Ru
  8639 | D:8      | Reached *** piety under Ru
  9099 | D:9      | Noticed a centaur warrior
  9216 | D:9      | Reached XP level 10. HP: 51/51 MP: 14/14
  9216 | D:9      | Gained a life (2 lives remaining)
  9438 | D:9      | Noticed a centaur warrior
  9510 | D:9      | Slain by a troll
  9510 | D:9      | Lost a life (1 life remaining)
  9756 | D:9      | Identified the +1 great mace "Naidghas" {speed, rF- rN+
                  | Will++ rCorr}
  9756 | D:9      | Noticed a deep elf pyromancer
  9780 | D:8      | Killed a deep elf pyromancer
  9883 | D:9      | Killed a centaur warrior
  9884 | D:9      | Reached skill level 10 in Shapeshifting
  9982 | D:9      | Reached skill level 5 in Fighting
 10003 | D:9      | Identified the +8 short sword "Rebuxkoadi" {drain, ^Drain
                  | Will++ Str+2}
 10018 | D:9      | Noticed a brown ugly thing
 10018 | D:9      | Noticed a purple ugly thing
 10076 | D:9      | Noticed a two-headed ogre
 10224 | D:9      | Noticed an eight-headed hydra
 10259 | D:10     | Entered Level 10 of the Dungeon
 10287 | D:10     | Reached XP level 11. HP: 56/56 MP: 15/15
 10325 | D:10     | Found a staircase to the Lair.
 10498 | D:10     | Found a glowing silver altar of Zin.
 10619 | D:10     | Reached skill level 5 in Dodging
 10676 | D:10     | Noticed a two-headed ogre
 10687 | D:10     | Killed a two-headed ogre
 10892 | Lair:1   | Entered Level 1 of the Lair of Beasts
 10957 | Lair:1   | Gained mutation: You are missing a hand. [Ru sacrifice]
 10957 | Lair:1   | Reached **** piety under Ru
 10957 | Lair:1   | Reached ***** piety under Ru
 10969 | Lair:1   | Reached skill level 9 in Unarmed Combat
 11028 | Lair:1   | Slain by a komodo dragon
 11028 | Lair:1   | Lost a life (0 lives remaining)
 11168 | Lair:1   | Reached skill level 10 in Unarmed Combat
 11603 | Lair:1   | Reached skill level 10 in Stealth
 11744 | Lair:1   | Gained mutation: Your thick and shaggy fur keeps you warm.
                  | (AC +3, rC+) [Felid growth]
 11744 | Lair:1   | Reached XP level 12. HP: 51/66 MP: 16/16
 12146 | Lair:2   | Noticed Amaemon
 12245 | Lair:2   | Killed Amaemon
 12292 | Lair:2   | Found a staircase to the Shoals.
 12481 | Lair:1   | Reached skill level 11 in Unarmed Combat
 12641 | Lair:2   | HP: 3/61 [poisoned by a cane toad]
 12855 | Lair:2   | Noticed a death yak
 12966 | Lair:2   | Noticed a death yak
 12967 | Lair:2   | Noticed a death yak
 12967 | Lair:2   | Noticed a death yak
 12967 | Lair:2   | Noticed a death yak
 12967 | Lair:2   | Noticed a death yak
 12992 | Lair:2   | Noticed a death yak
 12992 | Lair:2   | Noticed a death yak
 12994 | Lair:2   | Killed a death yak
 12996 | Lair:2   | Killed a death yak
 12997 | Lair:2   | Reached skill level 12 in Unarmed Combat
 13039 | Lair:2   | Killed a death yak
 13040 | Lair:2   | Noticed a catoblepas
 13047 | Lair:2   | Gained mutation: Your cowardice makes you less effective in
                  | combat with threatening foes. [Ru sacrifice]
 13047 | Lair:2   | Reached ****** piety under Ru
 13065 | Lair:2   | Noticed a catoblepas
 13078 | Lair:2   | Reached skill level 13 in Unarmed Combat
 13083 | Lair:2   | Killed a death yak
 13452 | Temple   | Fell from the grace of Ru
 13452 | Temple   | Became a worshipper of Warmaster Okawaru
 14204 | Lair:2   | Killed a catoblepas
 14204 | Lair:2   | Reached * piety under Okawaru
 14336 | Lair:3   | Noticed an eight-headed hydra
 14357 | Lair:3   | Mangled by an eight-headed hydra

Illustrated notes

Levels and vault maps discovered:
D:1:      minmay_arrival_plants_in_alcoves, layout_loops_ring, serial_shops,
          shop, nicolae_square_shop, nicolae_shop_industrial_runoff, shop
D:2:      layout_basic, skrybe_limestone_x, minmay_joined_circles
D:3:      layout_basic, amcnicky_mini_corridor_feature
D:4:      layout_loops_ring, kennysheep_little_box,
          nicolae_overflow_hidden_temple, temple_statues, ebering_ghost_sewer_d
D:5:      layout_rooms, mainiacjoe_overflow_alcove_2, serial_shops, shop, shop,
          shop, shop, uniq_ijyb
D:6:      layout_basic
D:7:      cheibrodos_shockbox, layout_loops_ring,
          nemelex_xobeh_ov_fountains_minmay, vehumet_altar_wand_db,
          old_standard_altar, eino_small_chamber_without_monster,
          minmay_strange_pillars, roderic_roman_lattice, nicolae_elemental_shop,
          minmay_splitting_lines
D:8:      layout_cave_pools
D:9:      minmay_the_grid_octo_tiled_squarecenter
          [minmay_the_grid_octo_fat_diamond, minmay_the_grid_octo_horde,
          minmay_the_grid_octo_pinwheel, minmay_the_grid_octo_chip,
          minmay_the_grid_square_5x5_megaprize_crossed,
          minmay_the_grid_square_5x5_meh, minmay_the_grid_square_5x5_v,
          minmay_the_grid_square_5x5_eight_small,
          minmay_the_grid_square_5x5_minivault], layout_long_grid,
          mainiacjoe_overflow_24_doors, david_orc_4, uniq_maggie
D:10:     layout_cave_pools, zin_academy, fedhas_altar_4, erik_lair_island
Temple:   nicolae_temple_figure_eight
Lair:1:   layout_hall_layers, beast_lair_carwin_2
Lair:2:   layout_regular_city, minmay_shoals_entry_lonely_mermaid, st_stairs_11,
          nicolae_lair_grazing_beasts [nicolae_sub_lair_graze_edge,
          nicolae_sub_lair_graze_edge, nicolae_sub_lair_graze_edge,
          nicolae_sub_lair_graze_edge], uniq_amaemon
Lair:3:   layout_hall_layers, guppyfry_snake_entry_garden, serial_bayou_lake_a

Skill      XL: |  1  2  3  4  5  6  7  8  9 10 11 12 |
---------------+-------------------------------------+-----
Unarmed Combat | 4 5 6 7 8 10 13 | 13.9
Stealth        | 1 4 6 7 9 10 11 | 11.0
Shapeshifting  | 4 5 7 10 | 10.1
Evocations     | 1 2 |  2.2
Fighting       | 4 6 9 |  9.0
Dodging        | 4 6 |  6.7
Spellcasting   | |  2.0
Conjurations   | |  2.6

Action                     |  1- 3 |  4- 6 |  7- 9 | 10-12 || total
---------------------------+-------+-------+-------+-------++-------
  Melee: Unarmed           |   108 |   166 |   324 |   518 ||  1116
         Bite              |     7 |    25 |    30 |    59 ||   121
         Punch             |     1 |     4 |    15 |     9 ||    29
 Invoke: Sacrifice Love    |       |       |     1 |       ||     1
         Sacrifice Words   |       |       |     1 |       ||     1
         Sacrifice a Hand  |       |       |       |     1 ||     1
         Apocalypse        |       |       |       |     3 ||     3
         Heroism           |       |       |       |     1 ||     1
         Power Leap        |       |       |       |     1 ||     1
         Sacrifice Courage |       |       |       |     1 ||     1
  Evoke: Wand              |       |       |     1 |       ||     1
    Use: Scroll            |       |     4 |     4 |       ||     8
         Potion            |       |       |       |     1 ||     1
   Stab: Sleeping          |     2 |    11 |    13 |     5 ||    31
         Distracted        |       |     1 |     2 |     6 ||     9
         Invisible         |       |       |       |     4 ||     4
 Armour: Skin              |    38 |    43 |    97 |   188 ||   366
  Dodge: Dodged            |    76 |   120 |   221 |   368 ||   785
  Block: Other             |       |     4 |    10 |       ||    14
   Form: Beast             |       |       |     1 |       ||     1
         Flux              |       |       |     1 |       ||     1
         Blade             |       |       |       |     1 ||     1
